 Dungeon Crawl Stone Soup version 0.27.1-4-g1640c2035a (webtiles) character file.

Game seed: 5311606269626402213

934 raph the Basher (level 7, -3/56 HPs)
             Began as a Minotaur Gladiator on Nov 5, 2021.
             Slain by an orc warrior (18 damage)
             ... on level 6 of the Dungeon.
             The game lasted 00:10:40 (4848 turns).

raph the Basher (Minotaur Gladiator)                Turns: 4848, Time: 00:10:40

Health: -3/56      AC: 10    Str: 18    XL:     7   Next: 86%
Magic:  6/6        EV:  8    Int:  5    God:
Gold:   181        SH:  0    Dex: 20    Spells: 6/6 levels left

rFire    . . .     SeeInvis .   a - +1 flail
rCold    . . .     Faith    .   (no shield)
rNeg     . . .     Spirit   .   j - +0 chain mail
rPois    .         Reflect  .   c - +0 hat
rElec    .         Harm     .   m - +0 cloak
rCorr    .         Rampage  .   (no gloves)
Will     .....                  s - +0 pair of boots
Stlth    ..........             (no amulet)
HPRegen  0.18/turn              t - +6 ring of dexterity
MPRegen  0.10/turn              (no ring)

@: on berserk cooldown, slowed, very slow
A: horns 2, retaliatory headbutt
a: no special abilities


You were on level 6 of the Dungeon.
You visited 1 branch of the dungeon, and saw 6 of its levels.

You collected 260 gold pieces.
You spent 79 gold pieces at shops.

Inventory:

Hand Weapons
 a - a +1 flail (weapon)
Missiles
 d - 4 throwing nets (quivered)
 r - 3 boomerangs
 v - 40 poisoned darts
Armour
 b - a +0 leather armour
 c - a +0 hat (worn)
 j - a +0 chain mail (worn)
 k - a +0 scale mail
 m - a +0 cloak (worn)
 s - a +0 pair of boots (worn)
Jewellery
 o - a ring of ice
 t - a +6 ring of dexterity (left hand)
Wands
 x - a wand of flame (15)
Scrolls
 f - 3 scrolls of teleportation
 g - 2 scrolls of magic mapping
Potions
 h - 2 potions of curing
 i - 3 potions of resistance
 l - a potion of flight {unknown}
 n - a potion of cancellation {unknown}
 p - a potion of brilliance {unknown}
 u - a potion of magic {unknown}


   Skills:
 - Level 2.4 Fighting
 + Level 11.2 Maces & Flails
 - Level 2.0 Throwing
 - Level 3.2 Dodging


You had 6 spell levels left.
You didn't know any spells.
Your spell library contained the following spells:

 Spells                   Type           Power      Damage    Failure   Level
 Animate Skeleton         Necr           0%         N/A       100%        1
 Apportation              Tloc           0%         N/A       100%        1
 Corona                   Hex            0%         N/A       100%        1
 Magic Dart               Conj           0%         1d3       100%        1
 Summon Small Mammal      Summ           0%         N/A       100%        1
 Call Imp                 Summ           0%         N/A       100%        2
 Mephitic Cloud           Conj/Pois/Air  0%         N/A       100%        3
 Fireball                 Conj/Fire      0%         3d3       100%        5
 Iskenderun's Battlesphe  Conj           0%         2d6       100%        5
 Conjure Ball Lightning   Conj/Air       0%         3x3d6     100%        6
 Orb of Destruction       Conj           0%         N/A       100%        7


Dungeon Overview and Level Annotations

Branches:
Dungeon (6/15)
 Temple: D:4-7

Altars:
Gozag

Shops:
D:1 [?*

Portals:
Abyss: D:4

Annotations:
D:4 2 transporters, diceflayer's ghost, amateur MiFi


Innate Abilities, Weirdness & Mutations

You have a pair of horns on your head.
You reflexively headbutt those who attack you in melee.


Message History

You hit the orc priest. Your headbutt misses the orc priest.
The orc priest is lightly wounded.
The orc hits you but does no damage.
You sock the orc!
You kill the orc!
The orc priest closely misses you. You furiously retaliate!
You headbutt the orc priest. You sock the orc priest!
You kill the orc priest!
You hit the orc wizard but do no damage.
The orc wizard hits you with a +0 dagger.
* * * LOW HITPOINT WARNING * * *
A red film seems to cover your vision as you go berserk!
You feel yourself moving faster!
You feel mighty!
The orc wizard points at you and mumbles some strange words.
The magic dart hits you.
* * * LOW HITPOINT WARNING * * *
You are too injured to fight recklessly!
You sock the orc wizard!
You kill the orc wizard!
The orc hits you but does no damage.
Things that are here:
a +0 dagger; a +0 robe; a +0 hand axe You sock the orc!
You kill the orc!
Things that are here:
a +0 hand axe; a +0 ring mail; an orc corpse You feel a strong urge to attack something.
Found a potion of resistance.
You feel your anger nearly subside.
You are no longer berserk.
You are exhausted.
You feel yourself slow down.
You start resting.
An orc warrior is nearby!
An orc warrior is nearby!
An orc warrior is nearby!
You see here a potion of resistance.
i - 3 potions of resistance (gained 1)
The orc warrior hits you from afar with a +0 halberd!!
You die...

#........##
...............
#.........#
#.#.....#.#..####
#.........#
#.#####.#.#..#
#......(..# #.
#...#..#
#########.# #.
#...# .# #.# #.
#o..# . #.# #.
#...# ##
#.###.#####...#
#+##..@.o...#.#
##########.# .#
.#


You could see an orc warrior.

Vanquished Creatures
  A sky beast (D:5)
  2 ogres (D:5)
  A phantom (D:5)
  A scorpion (D:5)
  A howler monkey (D:5)
  An orc priest (D:6)
  2 hounds (D:5)
  A bullfrog skeleton (D:5)
  A centaur skeleton (D:5)
  2 iguanas (D:4)
  2 orc wizards (D:6)
  A killer bee zombie (D:5)
  2 hound skeletons
  3 gnolls
  3 river rats (D:5)
  6 adders
  A howler monkey skeleton (D:4)
  An ufetubus (D:5)
  An adder skeleton (D:3)
  A worm (D:5)
  A dart slug (D:2)
  7 orcs
  8 ball pythons
  5 bats
  10 endoplasms
  2 giant cockroaches
  4 goblins (D:1)
  9 hobgoblins
  3 jackals (D:3)
  4 quokkas
  3 frilled lizards
  A kobold (D:4)
  8 rats
99 creatures vanquished.

Vanquished Creatures (others)
  2 plants (D:3)
2 creatures vanquished.

Grand Total: 101 creatures vanquished

Notes
Turn   | Place    | Note
-------+----------+-------------------------------------------
     0 | D:1      | raph the Minotaur Gladiator began the quest for the Orb.
     0 | D:1      | Reached XP level 1. HP: 18/18 MP: 0/0
    16 | D:1      | Reached skill level 4 in Maces & Flails
    98 | D:1      | Found a faded altar of an unknown god.
   107 | D:1      | Reached XP level 2. HP: 20/25 MP: 1/1
   189 | D:1      | Found Jeplof's Armour Shoppe.
   230 | D:1      | Found Lumniphias's Assorted Antiques.
   255 | D:1      | Found Test's Magic Scroll Emporium.
   432 | D:1      | Reached skill level 5 in Maces & Flails
   714 | D:2      | Reached XP level 3. HP: 30/30 MP: 2/2
  1436 | D:1      | Bought a scroll of identify for 22 gold pieces
  1463 | D:1      | Bought an amethyst potion for 19 gold pieces
  1575 | D:3      | Reached skill level 6 in Maces & Flails
  1575 | D:3      | Reached XP level 4. HP: 23/37 MP: 3/3
  2528 | D:1      | Bought a scroll of magic mapping for 38 gold pieces
  2721 | D:4      | Reached skill level 7 in Maces & Flails
  2721 | D:4      | Reached XP level 5. HP: 42/42 MP: 4/4
  2765 | D:4      | HP: 2/42 [iguana (4)]
  3095 | D:4      | Found a one-way gate to the infinite horrors of the Abyss.
  3095 | D:4      | Noticed diceflayer's ghost (amateur MiFi)
  3095 | D:4      | Noticed an ancient zyme
  3347 | D:4      | Found a transporter.
  3370 | D:4      | Found a transporter.
  3425 | D:5      | Entered Level 5 of the Dungeon
  3486 | D:5      | Noticed a yak
  3487 | D:5      | Noticed a yak
  3495 | D:5      | Noticed a yak
  3499 | D:5      | Noticed a yak
  3526 | D:5      | Noticed an ogre
  3532 | D:5      | Killed an ogre
  3533 | D:5      | Reached skill level 8 in Maces & Flails
  3533 | D:5      | Reached XP level 6. HP: 7/50 MP: 5/5
  3854 | D:5      | Reached skill level 9 in Maces & Flails
  4065 | D:5      | Reached XP level 7. HP: 48/56 MP: 6/6
  4181 | D:5      | Reached skill level 10 in Maces & Flails
  4453 | D:5      | Found an opulent altar of Gozag.
  4787 | D:6      | Reached skill level 11 in Maces & Flails
  4848 | D:6      | Slain by an orc warrior

Illustrated notes

Levels and vault maps discovered:
D:1:      roderic_crossed_star, layout_rooms, serial_shops,
          nicolae_diamond_shop, shop_fountains, shop,
          ebering_ecumenical_altar_box
D:2:      layout_rooms, small_statue_intersection, kennysheep_generic_room_2
D:3:      layout_rooms, serial_bayou_pond_b
D:4:      layout_basic, gammafunk_ghost_abyssal_escape
D:5:      layout_rooms, nicolae_gozag_seed_capital, portal_sewer_entry_e,
          minmay_starry_boxes
D:6:      layout_basic, uniq_pikel, uniq_crazy_yiuf_cottage

Skill      XL: |  1  2  3  4  5  6  7 |
---------------+----------------------+-----
Maces & Flails | 4 5 6 7 8 9 11 | 11.2
Fighting       | |  2.4
Throwing       | |  2.0
Dodging        | |  3.2

Action                   |  1- 3 |  4- 6 |  7- 9 || total
-------------------------+-------+-------+-------++-------
Melee: Flail             |    68 |   113 |    73 ||   254
       Headbutt          |    11 |    21 |    10 ||    42
  Use: Scroll            |     3 |     7 |     5 ||    15
       Potion            |       |     3 |     1 ||     4
 Stab: Invisible         |       |     1 |       ||     1
Armor: Leather armour    |    11 |    19 |       ||    30
       Chain mail        |       |    21 |    38 ||    59
Dodge: Dodged            |    46 |    73 |    26 ||   145
